 Dungeon Crawl Stone Soup version 0.30-a0-924-g0ad0bf95bc (webtiles) character file.

Game seed: 15863960371842147089

1048 FexLirch the Cleaver (level 8, -2/62 HPs)
             Began as a Hill Orc Reaver on Mar 22, 2023.
             Was a Believer of Okawaru.
             Slain by an orc warrior
             ... wielding a +0 dire flail
              (16 damage)
             ... on level 5 of the Dungeon.
             The game lasted 00:10:56 (3838 turns).

FexLirch the Cleaver (Hill Orc Reaver)              Turns: 3838, Time: 00:10:57

Health: -2/62      AC:  8    Str: 17    XL:     8   Next: 25%
Magic:  7/11       EV: 13    Int: 13    God:    Okawaru [**....]
Gold:   201        SH:  5    Dex:  9    Spells: 7/10 levels left

rFire   . . .      SeeInvis .    b - +0 war axe
rCold   . . .      Faith    .    (no shield)
rNeg    . . .      Spirit   .    B - +2 leather armour {Will+}
rPois   .          Reflect  +    f - +0 helmet
rElec   .          Rampage  .    G - +0 cloak
rCorr   .                        (no gloves)
Will    +....                    (no boots)
Stlth   ++                       s - amulet of reflection
HPRegen 0.30/turn                (no ring)
MPRegen 0.12/turn                (no ring)

@: heroic, immotile
A: no striking features
a: Renounce Religion, Heroism


You were on level 5 of the Dungeon.
You worshipped Okawaru.
Okawaru was pleased with you.
You visited 1 branch of the dungeon, and saw 5 of its levels.

You collected 201 gold pieces.

Inventory:

Hand Weapons
 a - a +0 hand axe
 b - a +0 war axe (weapon)
 r - the +4 short sword of Qowud {venom, rPois rN++ Str+2 Int-2}
   (You found it on level 2 of the Dungeon)

   Str:       It affects your strength (+2).
   Int:       It affects your intelligence (-2).
   rPois:     It protects you from poison.
   rN:        It greatly protects you from negative energy.
 D - a +2 flail of holy wrath
Missiles
 e - 38 stones
 i - 5 boomerangs
 j - 10 poisoned darts
Armour
 f - a +0 helmet (worn)
 B - a +2 leather armour of willpower (worn)
 F - a +0 buckler
 G - a +0 cloak (worn)
Jewellery
 s - an amulet of reflection (around neck)
 v - an amulet of the acrobat
 A - an amulet of faith
Wands
 t - a wand of mindburst (4)
 C - a wand of flame (27)
Scrolls
 c - 2 scrolls of poison {unknown}
 d - a scroll of enchant weapon {unknown}
 g - 4 scrolls of noise {unknown}
 o - 2 scrolls of enchant armour {unknown}
 p - a scroll of vulnerability {unknown}
 u - 3 scrolls of teleportation {unknown}
 w - 5 scrolls of identify {unknown}
 y - a scroll of summoning {unknown}
 z - a scroll of fog {unknown}
Potions
 h - 2 potions of cancellation {unknown}
 k - a potion of resistance {unknown}
 l - 3 potions of curing {unknown}
 m - a potion of invisibility {unknown}
 n - a potion of heal wounds {unknown}
 q - a potion of ambrosia {unknown}
 x - 2 potions of degeneration {unknown}
 E - a potion of haste {unknown}
 H - a potion of flight {unknown}


   Skills:
 - Level 2.4(7.4) Fighting
 * Level 12.0(17.0) Axes
 - Level 1.5(6.5) Dodging
 - Level 1.5 Spellcasting
 - Level 3.0 Conjurations
 + Level 4.1 Invocations


You had 7 spell levels left.
You knew the following spells:

 Your Spells              Type           Power      Damage    Failure   Level
a - Kiss of Death         Conj/Necr      16%        2d6       17%         1
b - Momentum Strike       Conj/Tloc      8%         3d8       26%         2

Your spell library contained the following spells:

 Spells                   Type           Power      Damage    Failure   Level
 Foxfire                  Conj/Fire      16%        2x1d4     17%         1
 Hailstorm                Conj/Ice       4%         3d4       45%         3
 Confusing Touch          Hex            1%         N/A       67%         3
 Dispel Undead            Necr           1%         3d6       97%         4
 Fireball                 Conj/Fire      2%         3d4       99%         5
 Starburst                Conj/Fire      2%         6d3       100%        6


Dungeon Overview and Level Annotations

Branches:
Dungeon (5/15)
 Temple: D:4-7

Altars:
Dithmenos
Okawaru
Ru
Yredelemnul

Shops:
D:1 ([(((

Annotations:
D:3 1 runed translucent door, Crazy Yiuf


Message History

Casting: Momentum Strike (dangerous; 26% risk of failure)
Confirm with . or Enter, or press ? or * to list all spells.
Aiming: Momentum Strike (dangerous; 26% risk of failure)
Press: ? - help, Dir - move target, f - orc priest
Aim: an orc priest, wielding a +0 dagger and wearing a +0 leather armour (68% to hit)
The concentrated momentum hits the orc priest!
The orc priest is severely wounded.
You are unable to move.
You hit the orc priest.
The orc priest is almost dead.
You slash the ogre!
You kill the ogre!
Okawaru accepts your kill.
The orc throws a poisoned dart.
The poisoned dart closely misses you.
The orc priest hits you with a +0 dagger.
* * * LOW HITPOINT WARNING * * *
Your Invocations skill increases to level 4!
You hit the orc priest.
You kill the orc priest!
Okawaru accepts your kill.
You closely miss the orc warrior. You block the orc warrior's attack.
Your base Axes skill increases to level 12!
You hit the orc warrior.
The orc warrior is lightly wounded.
The orc warrior barely misses you.
You hit the orc warrior.
The orc warrior is moderately wounded.
You closely miss the orc.
You hit the orc warrior but do no damage.
The orc warrior is moderately wounded.
You hit the orc but do no damage. The orc hits you with a +0 flail.
* * * LOW HITPOINT WARNING * * *
The orc warrior closely misses you.
You closely miss the orc warrior.
The orc warrior is moderately wounded.
You slash the orc!
You kill the orc!
Okawaru accepts your kill.
The orc warrior hits you with a +0 dire flail!
You die...

......#.............#
......#.............#
......#.............#
......#'###.##.##...#
#'###.)...#.##.##...#
#...#.....#.........#
#...#.....#.........#
#...#.....#....)....#
#...#...###.#..o@...#
#...#...#.. #..##...#
#...#...#. #..######
#...#...# #...#
#...#...# #...# #so.#
#...# #Oo.# #..##


You could see an orc warrior.

Vanquished Creatures
  Edmund (D:4)
  An ice beast (D:4)
  A black bear (D:4)
  An ogre (D:5)
  A phantom (D:5)
  2 scorpions
  A howler monkey (D:4)
  4 hounds
  A gnoll bouda (D:4)
  An orc priest (D:5)
  2 orc wizards (D:4)
  9 gnolls
  4 adders
  A shadow imp (D:4)
  An ufetubus (D:5)
  A worm (D:5)
  2 dart slugs (D:1)
  8 orcs
  5 ball pythons
  4 endoplasms
  3 giant cockroaches
  4 goblins
  5 hobgoblins
  7 jackals
  2 quokkas (D:3)
  7 bats
  4 frilled lizards
  9 kobolds
  8 rats
100 creatures vanquished.

Notes
Turn   | Place    | Note
-------+----------+-------------------------------------------
     0 | D:1      | FexLirch the Hill Orc Reaver began the quest for the Orb.
     0 | D:1      | Reached XP level 1. HP: 18/18 MP: 3/3
    44 | D:1      | Found Ykkaix's Antique Weapon Shop.
    67 | D:1      | Reached XP level 2. HP: 24/25 MP: 4/4
   149 | D:1      | Found Koesupun's Armour Emporium.
   173 | D:1      | Reached skill level 5 in Axes
   226 | D:1      | Found Pihegewa's Weapon Shop.
   438 | D:1      | Reached XP level 3. HP: 18/30 MP: 5/5
   485 | D:1      | Found Kungy's Antique Weapon Emporium.
   534 | D:1      | Found Uwkye's Weapon Shoppe.
   746 | D:2      | Learned a level 2 spell: Momentum Strike
   924 | D:2      | Found a shadowy altar of Dithmenos.
   938 | D:2      | Reached skill level 6 in Axes
  1097 | D:2      | Identified the +4 short sword of Qowud {venom, rPois rN++
                  | Str+2 Int-2}
  1347 | D:3      | Found a sacrificial altar of Ru.
  1495 | D:3      | Found an iron altar of Okawaru.
  1498 | D:3      | Became a worshipper of Warmaster Okawaru
  1506 | D:3      | Found a basalt altar of Yredelemnul.
  1749 | D:3      | Found a faded altar of an unknown god.
  1754 | D:3      | Reached XP level 4. HP: 35/37 MP: 6/6
  1833 | D:3      | Found a runed translucent door.
  1834 | D:3      | Noticed Crazy Yiuf
  2219 | D:4      | Noticed a scorpion
  2224 | D:4      | Killed a scorpion
  2225 | D:4      | Reached skill level 7 in Axes
  2225 | D:4      | Reached XP level 5. HP: 42/42 MP: 4/7
  2339 | D:4      | Noticed an ice beast
  2583 | D:4      | Noticed Edmund
  2605 | D:4      | Reached skill level 8 in Axes
  2713 | D:4      | Reached XP level 6. HP: 30/46 MP: 5/8
  2739 | D:4      | Killed Edmund
  2740 | D:4      | Reached skill level 9 in Axes
  2769 | D:4      | Noticed a black bear
  3117 | D:4      | Killed a black bear
  3117 | D:4      | Reached * piety under Okawaru
  3118 | D:4      | Reached skill level 10 in Axes
  3118 | D:4      | Reached XP level 7. HP: 46/53 MP: 4/9
  3278 | D:5      | Entered Level 5 of the Dungeon
  3331 | D:4      | Reached skill level 1 in Invocations
  3532 | D:4      | Reached skill level 11 in Axes
  3726 | D:5      | Reached XP level 8. HP: 62/62 MP: 10/10
  3834 | D:5      | Reached ** piety under Okawaru
  3835 | D:5      | Reached skill level 12 in Axes
  3838 | D:5      | Slain by an orc warrior

Illustrated notes

Levels and vault maps discovered:
D:1:      evilmike_arrival_plus, layout_rooms, serial_shops, shop,
          nicolae_shop_hallway_stairs, nicolae_shop_crystal,
          nicolae_square_shop, nicolae_shop_behind_doors,
          hangedman_decor_slide_cut
D:2:      layout_loops_ring, basic_altar
D:3:      layout_basic, mainiacjoe_overflow_boulevard,
          mainiacjoe_overflow_catwalk, lemuel_doored_altar,
          ebering_ecumenical_altar_webs, fountainhead, uniq_crazy_yiuf_cottage
D:4:      layout_gridville, uniq_edmund
D:5:      layout_gridville, hangedman_minor_gate_pass

Skill      XL: |  1  2  3  4  5  6  7  8 |
---------------+-------------------------+-----
Axes           | 5 6 7 8 10 11 12 | 12.0
Invocations    | 3 4 |  4.1
Fighting       | |  2.4
Dodging        | |  1.5
Spellcasting   | |  1.5
Conjurations   | |  3.0

Action                     |  1- 3 |  4- 6 |  7- 9 || total
---------------------------+-------+-------+-------++-------
  Melee: Hand axe          |   130 |    82 |       ||   212
         Short sword       |       |     1 |       ||     1
         War axe           |       |    25 |   105 ||   130
         Punch             |       |       |     2 ||     2
   Cast: Momentum Strike   |     1 |     4 |     2 ||     7
         Kiss of Death     |       |     3 |     1 ||     4
 Invoke: Heroism           |       |       |     1 ||     1
  Evoke: Wand              |       |     7 |       ||     7
   Stab: Distracted        |       |       |     1 ||     1
 Armour: Leather armour    |    50 |    31 |    32 ||   113
  Dodge: Dodged            |    90 |    45 |    55 ||   190
  Block: Other             |     1 |    21 |    29 ||    51

Table legend: (Time is in decaauts)
 A = Elapsed time spent in this place.
 B = Non-inter-level travel time spent in this place.
 C = Inter-level travel time spent in this place.
 D = Time resting spent in this place.
 E = Time spent auto-exploring this place.
 F = Levels seen in this place.
 G = Mean time per level.
                   A        B        C        D        E       F      G
               +--------+--------+--------+--------+--------+-----+--------+
         Total |   3830 |   3686 |    144 |    344 |   2130 |   5 |  766.0 |
       Dungeon |   3830 |   3686 |    144 |    344 |   2130 |   5 |  766.0 |
               +--------+--------+--------+--------+--------+-----+--------+

Top non-repeatable levels by time:
     D:4: 1306 daAuts
     D:3: 837 daAuts
     D:1: 654 daAuts
     D:2: 634 daAuts
     D:5: 398 daAuts
